 Dungeon Crawl Stone Soup version bcrawl-1.36.4 (webtiles) character file.

Game seed: 5719913445196042847

348537 Darthill6464 the Poker (level 9, 0/52 HPs)
             Began as a Skeleton Skald on Aug 11, 2022.
             Was a Follower of Qazlal.
             Shot with an arrow by a centaur (12 damage)
             ... on level 7 of the Dungeon.
             The game lasted 00:12:54 (5310 turns).

Darthill6464 the Poker (Skeleton Skald)             Turns: 5310, Time: 00:12:55

Health: 0/52       AC:  5    Str: 20    XL:     9   Next: 54%
Magic:  0/19       EV: 11    Int: 17    God:    Qazlal [*.....]
Gold:   286        SH:  7    Dex:  8    Spells: 12/21 levels left

rFire    . . .     SeeInvis .   a - +0 trident
rCold    + . .     Gourm    .   g - +0 buckler
rNeg     + + +     Faith    .   e - +0 leather armour {MR+}
rPois    ∞         Spirit   +   (no helmet)
rElec    .         Reflect  .   (no cloak)
rCorr    .                      (no gloves)
MR       ++...                  b - +0 pair of boots
Stlth    +++.......             d - amulet of magic regeneration
HPRegen  0.17/turn              m - +4 ring of intelligence
MPRegen  0.36/turn              l - ring of stealth

@: singing
A: no food or potions, cold resistance 1, deterioration 1, negative energy
resistance 3, powered by death 1, torment resistance, unbreathing, magic shield,
sturdy frame 1, spell healing
a: Renounce Religion


You were on level 7 of the Dungeon.
You worshipped Qazlal.
Qazlal was aware of your devotion.
You were not hungry.

You visited 2 branches of the dungeon, and saw 8 of its levels.

You collected 286 gold pieces.

Inventory:

Hand Weapons
 a - a +0 trident (weapon)
 o - the +0 shortbow of Mune {venom, Stlth+}
   (You found it on level 5 of the Dungeon)

   It poisons the ammo it fires.
   It makes you more stealthy.
 p - a +4 dire flail of crushing
Armour
 b - a +0 pair of boots (worn)
 e - a +0 leather armour of magic resistance (worn)
 g - a +0 buckler (worn)
Magical Staves
 s - an uncursed staff of summoning
Jewellery
 d - an amulet of magic regeneration (around neck)
 l - a ring of stealth (right hand)
 m - a +4 ring of intelligence (left hand)
Wands
 q - a wand of scattershot (5)
 t - a wand of disintegration (13)
Scrolls
 c - 3 scrolls of remove curse
 f - 2 scrolls of magic mapping {unknown}
 h - 3 scrolls of enchant armour {unknown}
 i - 5 scrolls of identify
 j - 3 scrolls of teleportation {unknown}
 k - 2 scrolls of fog {unknown}
 n - a scroll of noise {unknown}
 r - a scroll of acquirement {unknown}


   Skills:
 + Level 4.5 Fighting
 + Level 7.3 Polearms
 * Level 5.9 Armour
 + Level 3.4 Dodging
 + Level 2.0 Stealth
 * Level 5.4 Shields
 + Level 6.9 Spellcasting
 + Level 2.3 Hexes
 + Level 6.9 Charms
 + Level 1.4 Ice Magic


You had 12 spell levels left.
You knew the following spells:

 Your Spells              Type           Power        Failure   Level  Hunger
a - Infusion              Chrm           ####....     1%          1    N/A
b - Song of Slaying       Chrm           ####....     1%          2    N/A
c - Spectral Weapon       Hex/Chrm       ###.....     10%         3    N/A
d - Ozocubu's Armour      Chrm/Ice       ###.....     12%         3    N/A

Your spell library contained the following spells:

 Spells                   Type           Power        Failure   Level  Hunger
 Swiftness                Chrm/Air       ###.....     9%          2    N/A
 Regeneration             Chrm/Necr      Unusable     N/A         3    N/A

Dungeon Overview and Level Annotations

Branches:
Dungeon (7/12)             Temple (1/1) D:4
   Lair: D:7-9

Altars:
Ashenzari
Dithmenos
Fedhas
Gozag
Kikubaaqudgha
Lugonu
Makhleb
Qazlal
Ru
Uskayaw
Wu Jian
Xom


Innate Abilities, Weirdness & Mutations

You do not eat or drink.
You are immune to poison.
Your flesh is cold resistant. (rC+)
Your body sometimes deteriorates upon taking damage.
You are immune to negative energy. (rN+++)
You regenerate a little health from kills.
You are immune to unholy pain and torment.
You can survive without breathing.
When hurt, damage is shared between your health and your magic reserves.
Your movements are slightly less encumbered by armour. (ER -2)
Casting spells heals you.


Message History

The centaur shoots an arrow.
The arrow hits you!
Your spectral weapon is struck by lightning.
The centaur shoots an arrow.
The arrow hits you!
You hear a shout! x2
You are too injured to fight recklessly!
You are too injured to fight recklessly!
You are too injured to fight recklessly!
A bullfrog skeleton comes into view.
You hear a distant blaring wail to the southeast.
The centaur shoots an arrow.
The arrow hits you!
The centaur shoots an arrow.
The arrow hits you!
The bullfrog releases a deep croak.
Your spectral weapon is engulfed in blazing flames. x2
The centaur shoots an arrow.
The arrow hits you!
* * * LOW HITPOINT WARNING * * *
Your spectral weapon is engulfed in blazing flames.
Your spectral weapon is engulfed in blazing flames.
Your spectral weapon fades away.
The centaur shoots an arrow.
The arrow hits you!
You die...

##########
####........#
#...........#
.#......§@...##.
.......☼.F......#
...............##
...............#
...............#
...............#
..c......Z.....#
...............#
#.$....#.#+#...+


You could see a bullfrog, a centaur and a bullfrog skeleton.

Vanquished Creatures
  Pikel (D:6)
  3 hippogriffs (D:6)
  A vampire (D:6)
  Eustachio (D:6)
  Edmund (D:5)
  2 sky beasts (D:6)
  4 slaves (D:6)
  An ice beast (D:5)
  A phantom (D:6)
  An ogre (D:6)
  3 bullfrogs (D:6)
  Blork the orc (D:5)
  2 centaurs
  A killer bee (D:5)
  An orc priest (D:5)
  4 crimson imps (D:4)
  A quasit (D:6)
  4 hounds
  2 jellies
  An orc wizard (D:6)
  4 iguanas
  3 worker ants
  A howler monkey zombie (D:6)
  6 adders
  2 oozes (D:3)
  An adder skeleton (D:6)
  5 worms
  4 dart slugs
  2 leopard geckos
  12 orcs
  2 ball pythons
  3 goblins
  12 hobgoblins
  7 jackals
  8 quokkas
  7 bats
  5 frilled lizards
  6 kobolds
  A quokka skeleton (D:4)
  5 rats
  4 spectral weapons
136 creatures vanquished.

Vanquished Creatures (others)
  A spectral weapon (D:6)
1 creature vanquished.

Grand Total: 137 creatures vanquished

Notes
Turn   | Place    | Note
-------+----------+-------------------------------------------
     0 | D:1      | Darthill6464 the Skeleton Skald began the quest for the
                  | Orb.
     0 | D:1      | Reached XP level 1. HP: 12/12 MP: 4/4
   190 | D:1      | Reached XP level 2. HP: 14/17 MP: 1/6
   285 | D:1      | Learned a level 2 spell: Song of Slaying
   998 | D:2      | Reached XP level 3. HP: 21/21 MP: 0/7
  1294 | D:2      | Reached skill level 3 in Polearms
  1463 | D:2      | Learned a level 3 spell: Spectral Weapon
  1467 | D:2      | Learned a level 3 spell: Ozocubu's Armour
  1702 | D:2      | Reached XP level 4. HP: 27/27 MP: 4/9
  2429 | D:3      | Found an opulent altar of Gozag.
  2434 | D:3      | Reached XP level 5. HP: 31/31 MP: 5/11
  2804 | D:4      | Reached skill level 4 in Polearms
  3072 | D:4      | Reached skill level 5 in Charms
  3129 | D:4      | Found a staircase to the Ecumenical Temple.
  3138 | Temple   | Entered the Ecumenical Temple
  3358 | Temple   | Became a worshipper of Qazlal Stormbringer
  3464 | D:4      | Reached skill level 1 in Stealth
  3603 | D:4      | Gained mutation: You regenerate a little health from kills.
                  | [Skeleton growth]
  3603 | D:4      | Reached XP level 6. HP: 36/36 MP: 5/12
  3658 | D:5      | Entered Level 5 of the Dungeon
  3668 | D:5      | Noticed Blork the orc
  3672 | D:5      | Reached skill level 1 in Shields
  3677 | D:5      | Killed Blork the orc
  3752 | D:5      | Reached skill level 5 in Spellcasting
  3809 | D:5      | Reached skill level 1 in Hexes
  3809 | D:5      | Reached XP level 7. HP: 38/40 MP: 6/14
  3923 | D:5      | Got an encrusted shortbow
  3942 | D:5      | Noticed Edmund
  3949 | D:5      | Killed Edmund
  3950 | D:5      | Reached skill level 5 in Polearms
  3953 | D:5      | Reached * piety under Qazlal
  4306 | D:6      | Reached XP level 8. HP: 38/45 MP: 9/16
  4350 | D:6      | Noticed a hippogriff
  4356 | D:6      | Killed a hippogriff
  4425 | D:6      | Noticed Pikel
  4429 | D:6      | Noticed Eustachio
  4446 | D:6      | Noticed a hippogriff
  4503 | D:6      | Reached skill level 6 in Polearms
  4509 | D:6      | HP: 2/46 [orc (1)]
  4539 | D:6      | Killed Pikel
  4653 | D:6      | Killed a hippogriff
  4654 | D:6      | Reached skill level 7 in Polearms
  4654 | D:6      | Reached skill level 5 in Armour
  4654 | D:6      | Reached skill level 1 in Ice Magic
  4654 | D:6      | Reached XP level 9. HP: 25/51 MP: 1/18
  4773 | D:6      | Killed Eustachio
  4774 | D:6      | Reached skill level 5 in Shields
  4847 | D:6      | Identified the cursed +0 shortbow of Mune {venom, Stlth+}
                  | (You found it on level 5 of the Dungeon)
  5310 | D:7      | Shot with an arrow by a centaur

Skill      XL: |  1  2  3  4  5  6  7  8  9 |
---------------+----------------------------+-----
Charms         | 4 5 6 |  6.9
Polearms       | 3 4 5 7 |  7.3
Spellcasting   | 4 5 6 |  6.9
Armour         | 2 3 5 |  5.9
Stealth        | 1 2 |  2.0
Shields        | 1 3 4 5 |  5.4
Hexes          | 1 2 |  2.3
Fighting       | 3 4 |  4.5
Dodging        | 3 |  3.4
Ice Magic      | 1 |  1.4

Action                   |  1- 3 |  4- 6 |  7- 9 || total
-------------------------+-------+-------+-------++-------
Melee: Trident           |   109 |   134 |   176 ||   419
 Cast: Infusion          |    19 |    12 |     4 ||    35
       Song of Slaying   |    19 |    21 |    15 ||    55
       Spectral Weapon   |     3 |    13 |    18 ||    34
       Ozocubu's Armour  |       |     1 |    10 ||    11
  Use: Scroll            |       |     2 |     2 ||     4
 Stab: Fleeing           |       |       |     1 ||     1
Armor: Leather armour    |    11 |    26 |    37 ||    74
Dodge: Dodged            |    49 |    47 |    86 ||   182
Block: Other             |     7 |     1 |       ||     8
       Buckler           |       |     7 |    45 ||    52
